 Dungeon Crawl Stone Soup version 0.26-b1-59-ge38874ec40 (webtiles) character file.

Game seed: 8231280940128404177

33 dolemite99 the Insei (level 3, -4/28 HPs)
             Began as a Gnoll Transmuter on Jan 9, 2021.
             Slain by a goblin
             ... wielding a +1 mace of protection
              (5 damage)
             ... on level 2 of the Dungeon.
             The game lasted 00:01:24 (1050 turns).

dolemite99 the Insei (Gnoll Transmuter)             Turns: 1050, Time: 00:01:25

Health: -4/28      AC:  2    Str: 13    XL:     3   Next: 29%
Magic:  9/9        EV: 14    Int: 15    God:
Gold:   141        SH:  0    Dex: 15    Spells: 11/12 levels left

rFire    + . .     SeeInvis .     - Unarmed
rCold    + . .     Faith    .   (no shield)
rNeg     . . .     Spirit   .   a - +0 robe
rPois    +         Reflect  .   (helmet currently unavailable)
rElec    +         Harm     .   (no cloak)
rCorr    +         Rampage  .   (no gloves)
Will     .....                  (boots currently unavailable)
Stlth    ++........             (no amulet)
HPRegen  0.09/turn              (no ring)
MPRegen  0.11/turn              (no ring)

@: mighty, brilliant, lethally poisoned (-4 -> -8), appendages (expiring),
resistant
A: distributed training, fangs 1, horns 2, talons 2, strong nose
a: End Transformation


You were on level 2 of the Dungeon.
You had grown temporary horns.
You had grown temporary talons.
You visited 1 branch of the dungeon, and saw 2 of its levels.

You collected 141 gold pieces.

Inventory:

Hand Weapons
 m - a cursed +0 spear
Missiles
 f - 59 stones
 k - 26 bolts
 l - 21 sling bullets
Armour
 a - a +0 robe (worn)
Jewellery
 c - an uncursed ring of flight {unknown}
 e - a cursed ring of attention {unknown}
Scrolls
 b - 4 scrolls of identify {unknown}
 d - 2 scrolls of immolation {unknown}
 j - a scroll of fog {unknown}
 n - 3 scrolls of teleportation {unknown}
Potions
 h - a potion of might
 i - a potion of brilliance


   Skills:
 + Level 2.6 Fighting
 + Level 0.7 Short Blades
 + Level 0.7 Long Blades
 + Level 0.7 Axes
 + Level 0.7 Maces & Flails
 + Level 0.7 Polearms
 + Level 0.7 Staves
 + Level 0.7 Slings
 + Level 0.7 Bows
 + Level 0.7 Crossbows
 + Level 0.7 Throwing
 + Level 0.7 Armour
 + Level 4.5 Dodging
 + Level 0.7 Stealth
 + Level 0.7 Shields
 + Level 6.5 Unarmed Combat
 + Level 5.0 Spellcasting
 + Level 0.5 Conjurations
 + Level 0.5 Hexes
 + Level 0.5 Summonings
 + Level 0.5 Necromancy
 + Level 0.5 Translocations
 + Level 3.7 Transmutations
 + Level 0.5 Fire Magic
 + Level 0.5 Ice Magic
 + Level 0.5 Air Magic
 + Level 0.5 Earth Magic
 + Level 0.5 Poison Magic
 + Level 0.9 Invocations
 + Level 0.7 Evocations


You had 11 spell levels left.
You knew the following spells:

 Your Spells              Type           Power        Failure   Level
a - Beastly Appendage     Tmut           44%          3%          1

Your spell library contained the following spells:

 Spells                   Type           Power        Failure   Level
 Wereblood                Tmut           22%          5%          2
 Spider Form              Tmut/Pois      7%           21%         3
 Ice Form                 Ice/Tmut       15%          56%         4
 Blade Hands              Tmut           11%          67%         5


Dungeon Overview and Level Annotations

Branches:
Dungeon (2/15)

Altars:


Innate Abilities, Weirdness & Mutations

Your experience applies equally to all skills.
You have very sharp teeth.
Your uncanny sense of smell can sniff out nearby items.
You have a pair of horns on your head.
You have razor-sharp toenails.


Message History

The kobold misses you.
Found a scroll labelled VIACHO ZARUT.
It was a potion of might.
You feel very mighty all of a sudden.
You feel sick. The goblin misses you. The kobold closely misses you.
The kobold hits you.
* * * LOW HITPOINT WARNING * * *
The frilled lizard closely misses you.
It was a potion of brilliance.
You feel clever all of a sudden. The goblin closely misses you.
The kobold barely misses you. The kobold misses you.
The frilled lizard bites you.
* * * LOW HITPOINT WARNING * * *
It was a potion of resistance.
You feel protected. The kobold closely misses you. The kobold hits you.
* * * LOW HITPOINT WARNING * * *
The frilled lizard bites you but does no damage.
The goblin hits you with a +1 mace of protection.
You die...

.... #.# ....?
#.........>#.###.#...
#....................
#.........##.........
#................#.#.
#....................
#.........#.K.g..#
..........#(l@K..#
#.............#
#.#.##......###
#.#+#########
#......# #......#
#.#......# #
#.#......# #.
#.#.#'#####


You could see a goblin, 2 kobolds and a frilled lizard.

Vanquished Creatures
  An adder (D:2)
  A dart slug (D:1)
  A giant cockroach (D:1)
  4 goblins
  2 hobgoblins (D:1)
  3 jackals (D:2)
  3 bats
  A frilled lizard (D:1)
  3 kobolds (D:1)
  2 rats (D:1)
21 creatures vanquished.

Notes
Turn   | Place    | Note
-------+----------+-------------------------------------------
     0 | D:1      | dolemite99 the Gnoll Transmuter began the quest for the
                  | Orb.
     0 | D:1      | Reached XP level 1. HP: 17/17 MP: 6/6
   236 | D:1      | Reached XP level 2. HP: 14/23 MP: 4/7
  1000 | D:2      | Reached XP level 3. HP: 27/28 MP: 9/9
  1046 | D:2      | Reached skill level 5 in Spellcasting
  1050 | D:2      | HP: 1/28 [kobold (4)]
  1050 | D:2      | Slain by a goblin

Illustrated notes

Levels and vault maps discovered:
D:1:      dpeg_arrival_solitude, layout_loops_ring
D:2:      layout_basic, nicolae_overflow_crystal_walls

Skill      XL: |  1  2  3 |
---------------+----------+-----
Spellcasting   | 5 |  5.0
Fighting       | |  2.6
Short Blades   | |  0.7
Long Blades    | |  0.7
Axes           | |  0.7
Maces & Flails | |  0.7
Polearms       | |  0.7
Staves         | |  0.7
Slings         | |  0.7
Bows           | |  0.7
Crossbows      | |  0.7
Throwing       | |  0.7
Armour         | |  0.7
Dodging        | |  4.5
Stealth        | |  0.7
Shields        | |  0.7
Unarmed Combat | |  6.5
Conjurations   | |  0.5
Hexes          | |  0.5
Summonings     | |  0.5
Necromancy     | |  0.5
Translocations | |  0.5
Transmutations | |  3.7
Fire Magic     | |  0.5
Ice Magic      | |  0.5
Air Magic      | |  0.5
Earth Magic    | |  0.5
Poison Magic   | |  0.5
Invocations    | |  0.9
Evocations     | |  0.7

Action                   || total
-------------------------++-------
Melee: Unarmed           ||    48
       Kick              ||     7
       Bite              ||     3
       Headbutt          ||     5
       Punch             ||     1
 Cast: Beastly Appendage ||    25
  Use: Potion            ||     3
Armor: Robe              ||     8
Dodge: Dodged            ||    61
